 Dungeon Crawl Stone Soup version 0.30-a0-782-ge64f9170bb (webtiles) character file.

Game seed: 903931645971426832

2583 Dirian the Cleaver (level 9, -1/79 HPs)
             Began as a Minotaur Fighter on Mar 5, 2023.
             Was an Initiate of Makhleb.
             Slain by a troll (13 damage)
             ... on level 6 of the Dungeon.
             The game lasted 00:07:45 (4077 turns).

Dirian the Cleaver (Minotaur Fighter)               Turns: 4077, Time: 00:07:46

Health: -1/79      AC:  1    Str: 25    XL:     9   Next: 32%
Magic:  8/8        EV: 11    Int:  5    God:    Makhleb [......]
Gold:   277        SH:  5    Dex: 10    Spells: 8/8 levels left

rFire   . . .      SeeInvis .    a - +0 war axe
rCold   . . .      Faith    .    c - +0 buckler
rNeg    . . .      Spirit   .    (no body armour)
rPois   .          Reflect  .    (helmet restricted)
rElec   .          Harm     .    (no cloak)
rCorr   .          Rampage  .    (no gloves)
Will    .....                    k - +0 pair of boots
Stlth   +                        (no amulet)
HPRegen 0.33/turn                (no ring)
MPRegen 0.11/turn                (no ring)

@: on berserk cooldown, slowed, very slow
A: horns 2, retaliatory headbutt
a: Renounce Religion


You were on level 6 of the Dungeon.
You worshipped Makhleb.
Makhleb was noncommittal.
You visited 2 branches of the dungeon, and saw 7 of its levels.

You collected 277 gold pieces.

Inventory:

Hand Weapons
 a - a +0 war axe (weapon)
 v - a +0 war axe
Armour
 c - a +0 buckler (worn)
 j - a +2 scale mail of cold resistance
 k - a +0 pair of boots (worn)
 y - a +0 chain mail
Wands
 n - a wand of charming (5)
 x - a wand of iceblast (15)
Scrolls
 b - a scroll of poison
 d - a scroll of fog {unknown}
 e - a scroll of silence
 t - 4 scrolls of teleportation
Potions
 f - 4 potions of flight
 g - a potion of brilliance
 h - 5 potions of haste
 i - a potion of invisibility
 l - a potion of berserk rage
 m - 4 potions of attraction
 o - a potion of cancellation {unknown}
 p - 2 potions of lignification {unknown}
 q - a potion of mutation {unknown}
 w - 2 potions of heal wounds {unknown}
 z - a potion of curing {unknown}


   Skills:
 + Level 7.3 Fighting
 + Level 10.7 Axes
 + Level 8.4 Armour
 + Level 6.0 Shields


You had 8 spell levels left.
You didn't know any spells.
Your spell library contained the following spells:

 Spells                   Type           Power      Damage    Failure   Level
 Gell's Gravitas          Tloc           0%         N/A       90%         3
 Teleport Other           Tloc           0%         N/A       90%         3
 Tukima's Dance           Hex            0%         N/A       90%         3
 Manifold Assault         Tloc           0%         N/A       100%        4
 Passage of Golubria      Tloc           0%         N/A       100%        4
 Yara's Violent Unravell  Hex/Tmut       0%         3d3       100%        5
 Dispersal                Tloc           0%         N/A       100%        6
 Disjunction              Tloc           0%         N/A       100%        8


Dungeon Overview and Level Annotations

Branches:
Dungeon (6/15) Zot: 26174  Temple (1/1) D:6 Zot: 5982

Altars:
Ashenzari
Cheibriados
Elyvilon
Fedhas
Makhleb
Nemelex Xobeh
Okawaru
Qazlal
Sif Muna
Uskayaw
Vehumet
Wu Jian

Shops:
D:6 (=


Innate Abilities, Weirdness & Mutations

You have a pair of horns on your head.
You reflexively headbutt those who attack you in melee.


Message History

You slash the manticore! You block the manticore's attack.
The manticore claws you but does no damage. x2
You slash the two-headed ogre!
You kill the two-headed ogre!
Makhleb accepts your kill.
You slice the manticore!!
Your Fighting skill increases to level 7!
Your Axes skill increases to level 10!
Your Armour skill increases to level 8!
You have reached level 9!
Your experience leads to an increase in your attributes!
Increase (S)trength, (I)ntelligence, or (D)exterity?
You feel stronger. x2
You slash the manticore! You headbutt the manticore!
You kill the manticore!
Makhleb accepts your kill.
Your Shields skill increases to level 6!
You feel a strong urge to attack something.
You are no longer berserk.
You are exhausted.
You feel yourself slow down.
Things that are here:
a +0 giant club; a +0 giant spiked club
Things that are here:
a +0 trident; a +0 ring mail
Things that are here:
a +0 morningstar; a +0 leather armour
Things that are here:
a +0 dagger; a +0 leather armour You start removing your armour.
You continue taking off your +2 scale mail of cold resistance. x4
The troll shouts!
You finish taking off your +2 scale mail of cold resistance.
You feel less resistant to cold.
Things that are here:
a +0 dagger; a +0 leather armour You barely miss the troll.
The troll bites you! The troll claws you!
* * * LOW HITPOINT WARNING * * *
The troll claws you!
You die...

# ##.#### #.....#
########.######
#........)....#
#.......[..(..#
#.........)...#
#........T)...#
#........@)...####
############'##..###
#..........#
#..........#
#..........#
#########..#
#####..#### ##
#.........+ ..
..#.........# ..


You could see a troll.

Vanquished Creatures
  A two-headed ogre (D:6)
  A manticore (D:6)
  Sigmund (D:6)
  Duvessa (D:6)
  An orc warrior (D:5)
  An ice beast (D:6)
  2 ogres (D:6)
  A phantom (D:6)
  2 bullfrogs
  4 scorpions
  2 wights (D:6)
  Dowan (D:6)
  2 hounds (D:5)
  A jelly (D:5)
  2 orc priests
  2 iguanas (D:4)
  3 orc wizards
  3 adders
  A shadow imp (D:5)
  An ufetubus (D:5)
  A worm (D:4)
  3 dart slugs
  26 orcs
  6 endoplasms
  5 giant cockroaches
  9 goblins
  5 hobgoblins
  4 jackals (D:1)
  5 kobolds
  3 quokkas
  5 ball pythons
  10 bats
  5 frilled lizards
  5 rats
125 creatures vanquished.

Notes
Turn   | Place    | Note
-------+----------+-------------------------------------------
     0 | D:1      | Dirian the Minotaur Fighter began the quest for the Orb.
     0 | D:1      | Reached XP level 1. HP: 19/19 MP: 0/0
   143 | D:1      | Reached XP level 2. HP: 27/27 MP: 1/1
   350 | D:1      | Reached XP level 3. HP: 33/33 MP: 2/2
   702 | D:2      | Reached skill level 3 in Axes
   883 | D:2      | Reached XP level 4. HP: 34/41 MP: 3/3
  1294 | D:3      | Noticed a scorpion
  1300 | D:3      | Killed a scorpion
  1301 | D:3      | Reached skill level 4 in Axes
  1301 | D:3      | Reached XP level 5. HP: 47/47 MP: 4/4
  1474 | D:3      | Found an ornate altar of the Wu Jian Council.
  1608 | D:3      | Found a sparkling altar of Nemelex Xobeh.
  2050 | D:4      | Found a blossoming altar of Fedhas.
  2187 | D:4      | Reached skill level 5 in Axes
  2187 | D:4      | Reached skill level 5 in Armour
  2195 | D:4      | Reached XP level 6. HP: 20/55 MP: 5/5
  2476 | D:4      | Reached skill level 5 in Fighting
  2640 | D:5      | Entered Level 5 of the Dungeon
  2646 | D:5      | Reached skill level 6 in Axes
  2689 | D:5      | Noticed an orc warrior
  2697 | D:5      | Killed an orc warrior
  2698 | D:5      | Reached XP level 7. HP: 44/61 MP: 6/6
  2809 | D:5      | Reached skill level 7 in Axes
  3008 | D:5      | Found a shimmering blue altar of Sif Muna.
  3256 | D:6      | Reached skill level 5 in Shields
  3428 | D:6      | Found Athreriro's Weapon Shop.
  3432 | D:6      | Reached skill level 8 in Axes
  3456 | D:6      | Reached XP level 8. HP: 63/70 MP: 7/7
  3726 | D:6      | Noticed Duvessa
  3726 | D:6      | Noticed Dowan
  3737 | D:6      | Killed Duvessa
  3738 | D:6      | Reached skill level 9 in Axes
  3747 | D:6      | Killed Dowan
  3885 | D:6      | Noticed Sigmund
  3890 | D:6      | Killed Sigmund
  3982 | D:6      | Found a staircase to the Ecumenical Temple.
  3984 | D:6      | Found Irun's Jewellery Shop.
  3997 | Temple   | Entered the Ecumenical Temple
  4008 | Temple   | Became a worshipper of Makhleb the Destroyer
  4048 | D:6      | Noticed a two-headed ogre
  4050 | D:6      | Noticed a manticore
  4057 | D:6      | Killed a two-headed ogre
  4058 | D:6      | Reached skill level 10 in Axes
  4058 | D:6      | Reached XP level 9. HP: 49/79 MP: 8/8
  4058 | D:6      | Killed a manticore
  4073 | D:6      | Noticed a troll
  4077 | D:6      | Slain by a troll

Illustrated notes

Levels and vault maps discovered:
D:1:      minmay_arrival_checkered_box, layout_loops_ring
D:2:      layout_rooms, kennysheep_generic_room_8
D:3:      layout_basic, pdpol_wu_jian_five_deadly_venoms,
          mainiacjoe_overflow_brackets, serial_rivers,
          chequers_serial_rivers_small_a, chequers_serial_rivers_small_b,
          chequers_serial_rivers_room_a, chequers_serial_rivers_large_b
D:4:      minmay_spotlight, layout_rooms, lemuel_crystal_altar,
          minmay_quadrilaterals
D:5:      layout_rooms, old_standard_altar
D:6:      minmay_cornered_nines, layout_gridville, temple_statues, serial_shops,
          nicolae_shop_window_shopping, shop, shop, shop_statue,
          nicolae_fountain_basement, uniq_duvessa, uniq_sigmund
Temple:   nicolae_temple_bog_church

Skill      XL: |  1  2  3  4  5  6  7  8  9 |
---------------+----------------------------+-----
Fighting       | 4 5 7 |  7.3
Shields        | 4 5 6 |  6.0
Armour         | 4 5 6 8 |  8.4
Axes           | 3 4 5 6 8 10 | 10.7

Action                     |  1- 3 |  4- 6 |  7- 9 || total
---------------------------+-------+-------+-------++-------
  Melee: War axe           |    93 |    88 |    97 ||   278
         Headbutt          |    12 |    16 |    17 ||    45
    Use: Potion            |       |     1 |     1 ||     2
         Scroll            |       |       |    13 ||    13
 Armour: Scale mail        |    52 |    37 |    50 ||   139
  Dodge: Dodged            |    49 |    42 |    46 ||   137
  Block: Buckler           |    16 |    20 |    30 ||    66

Table legend: (Time is in decaauts)
 A = Elapsed time spent in this place.
 B = Non-inter-level travel time spent in this place.
 C = Inter-level travel time spent in this place.
 D = Time resting spent in this place.
 E = Time spent auto-exploring this place.
 F = Levels seen in this place.
 G = Mean time per level.
                   A        B        C        D        E       F      G
               +--------+--------+--------+--------+--------+-----+--------+
         Total |   4182 |   4034 |    148 |    364 |   2798 |   7 |  597.4 |
       Dungeon |   4164 |   4021 |    143 |    364 |   2798 |   6 |  694.0 |
        Temple |     17 |     12 |      5 |      0 |      0 |   1 |   17.0 |
               +--------+--------+--------+--------+--------+-----+--------+

Top non-repeatable levels by time:
     D:5: 982 daAuts
     D:4: 754 daAuts
     D:1: 722 daAuts
     D:3: 666 daAuts
     D:2: 579 daAuts
     D:6: 458 daAuts
  Temple: 17 daAuts
